Map: Inside and Out

Players

Rhizer

  • Race: Protoss Protoss
  • Spawn Location: 1:00

PappiJoe - Winner!

  • Race: Protoss Protoss
  • Spawn Location: 7:00

Event: DreamHack SC2 Masters 2022 Atlanta (Offline)

VOD

Have the link to the VOD?

Description

Time

  • Played on: Nov. 18, 2022, 11:34 a.m.
  • Length: 9:24

All games in this series

Show
View Real Time Build Order
Export as new Build Order

Rhizer Protoss 

Build Orders: Oracle Opening 

Get SALT Encoding   

  12  0:00  Probe  
  13  0:12  Probe  
  14  0:17  Pylon  
  14  0:24  Probe (Chrono Boost)  
  15  0:36  Probe (Chrono Boost)  
  15  0:37  Gateway  
  16  0:45  Probe (Chrono Boost)  
  16  0:47  Assimilator  
  17  0:51  Probe  
  18  0:59  Assimilator  
  18  1:03  Probe (Chrono Boost)  
  19  1:09  Gateway  
  19  1:15  Probe (Chrono Boost)  
  20  1:22  Probe (Chrono Boost)  
  21  1:26  Cybernetics Core  
  21  1:29  Probe  
  22  1:38  Pylon  
  22  1:41  Probe  
  23  1:56  Probe  
  24  2:02  Warp Gate (Chrono Boost)  
  24  2:04  Stalker x2  
  28  2:09  Probe  
  28  2:12  Pylon  
  29  2:23  Probe  
  30  2:34  Adept x2  
  34  2:39  Probe  
  34  2:43  Stargate  
  34  2:53  Probe  
  34  2:55  Pylon  
  35  3:16  Nexus  
  35  3:20  Shield Battery  
  35  3:26  Oracle (Chrono Boost)  
  35  3:32  Probe  
  39  3:43  Stalker  
  39  3:46  Probe  
  42  3:50  Sentry  
  44  3:58  Oracle  
  47  4:04  Pylon  
  47  4:22  Probe  
  48  4:34  Twilight Council, Probe  
  48  4:37  Probe  
  48  4:42  Stalker x2  
  50  4:49  Probe x2 (Chrono Boost)  
  50  4:52  Gateway  
  54  5:00  Probe (Chrono Boost)  
  54  5:02  Probe (Chrono Boost)  
  54  5:05  Probe (Chrono Boost)  
  54  5:06  Gateway  
  55  5:08  Blink (Chrono Boost)  
  55  5:10  Probe  
  56  5:16  Probe  
  56  5:18  Pylon  
  56  5:20  Stalker  
  59  5:23  Pylon  
  59  5:29  Probe  
  59  5:30  Probe  
  61  5:41  Probe  
  61  5:42  Stalker  
  61  5:43  Stalker  
  61  5:44  Probe  
  64  5:52  Stalker  
  64  5:54  Probe  
  67  5:57  Gateway  
  67  5:58  Assimilator, Pylon  
  67  6:03  Stalker  
  69  6:05  Probe  
  69  6:07  Probe  
  71  6:15  Stalker x2  
  71  6:16  Stalker, Pylon  
  77  6:30  Nexus  
  77  6:33  Probe x2  
  77  6:38  Forge  
  79  6:43  Charge (Chrono Boost)  
  79  6:45  Probe  
  80  6:53  Probe  
  81  6:58  Probe  
  82  7:03  Zealot x3  
  82  7:06  Probe  
  82  7:08  Gateway  
  89  7:10  Probe  
  89  7:11  Robotics Facility  
  89  7:12  Protoss Ground Weapons Level 1 (Chrono Boost)  
  89  7:13  Pylon  
  90  7:18  Probe  
  90  7:20  Zealot  
  90  7:22  Probe  
  94  7:27  Templar Archives  
  92  7:39  Stalker x3  
  92  7:43  Shield Battery  
  98  7:56  Zealot x2  
  100  8:02  Zealot x3  
  99  8:09  Zealot  
  87  8:18  Stalker x2  
  81  8:26  Stalker x3  
  87  8:35  Zealot  
  87  8:38  Shield Battery  
  88  8:43  Zealot x2  
  90  8:49  High Templar x2  
  90  8:53  Archon  
  90  8:54  Zealot  
  94  9:01  Zealot  
  94  9:05  Pylon  
  94  9:06  Pylon  
  86  9:19  Zealot x3  
Show
View Real Time Build Order
Export as new Build Order

PappiJoe Protoss - Winner!

Build Orders: Phoenix Opening 

Get SALT Encoding   

  12  0:00  Probe  
  13  0:12  Probe  
  14  0:18  Pylon  
  14  0:24  Probe  
  15  0:36  Gateway  
  15  0:37  Probe (Chrono Boost)  
  16  0:47  Probe (Chrono Boost), Assimilator  
  17  0:52  Probe (Chrono Boost)  
  17  0:55  Assimilator  
  18  1:03  Probe  
  19  1:12  Gateway  
  19  1:15  Probe (Chrono Boost)  
  20  1:25  Cybernetics Core  
  20  1:27  Probe (Chrono Boost)  
  21  1:33  Probe  
  22  1:43  Pylon  
  22  1:45  Probe  
  23  2:01  Stalker x2  
  23  2:02  Warp Gate  
  23  2:03  Probe  
  28  2:12  Pylon  
  28  2:21  Pylon  
  28  2:23  Probe  
  29  2:33  Sentry  
  30  2:46  Sentry  
  32  2:53  Nexus  
  32  3:00  Shield Battery  
  32  3:02  Probe  
  33  3:07  Phoenix  
  35  3:14  Robotics Facility  
  35  3:16  Probe  
  34  3:23  Shield Battery  
  34  3:28  Probe  
  35  3:40  Probe  
  36  3:49  Shield Battery  
  36  3:53  Probe (Chrono Boost)  
  37  4:02  Stalker x2  
  42  4:03  Probe (Chrono Boost)  
  42  4:08  Probe (Chrono Boost)  
  42  4:09  Shield Battery, Probe (Chrono Boost)  
  43  4:10  Observer  
  45  4:18  Twilight Council  
  45  4:20  Probe  
  45  4:23  Pylon  
  47  4:27  Stalker  
  47  4:31  Phoenix  
  47  4:41  Probe x2  
  52  4:53  Immortal  
  52  4:54  Probe x2  
  52  4:59  Blink (Chrono Boost)  
  54  5:06  Probe  
  55  5:08  Probe  
  56  5:18  Probe, Pylon  
  56  5:20  Probe  
  58  5:30  Probe  
  58  5:32  Probe, Gateway  
  58  5:34  Gateway  
  59  5:44  Probe x2  
  59  5:46  Phoenix, Assimilator  
  61  5:50  Gateway  
  61  5:54  Gateway  
  61  5:55  Immortal (Chrono Boost)  
  61  5:58  Probe x2  
  67  6:05  Pylon  
  67  6:29  Nexus  
  67  6:30  Warp Prism (Chrono Boost)  
  69  6:33  Stalker x2  
  69  6:36  Probe  
  69  6:39  Stalker  
  76  6:40  Stalker  
  76  6:45  Shield Battery  
  78  6:53  Pylon  
  78  6:55  Pylon  
  78  7:02  Probe  
  78  7:10  Nexus  
  78  7:12  Stalker x4  
  78  7:15  Stalker  
  88  7:30  Pylon  
  88  7:32  Pylon  
  86  7:38  Stalker x3  
  86  7:39  Stalker  
  94  7:46  Pylon  
  94  7:54  Stalker x2  
  98  8:15  Stalker x4  
  101  8:20  Observer  
  101  8:26  Stalker x2  
  103  8:31  Probe x2  
  103  8:32  Forge, Assimilator  
  103  8:33  Shield Battery  
  103  8:34  Probe  
  104  8:45  Stalker x3  
  110  8:57  Stalker  
  110  9:02  Probe x3  
  113  9:06  Photon Cannon  
  113  9:08  Photon Cannon  
  113  9:09  Photon Cannon  
  110  9:20  Stalker  
Tags
 
Add a new tag
Caveats
  • Supply blocks, unpowered buildings, or Contaminate may cause inaccurate times.
  • Supply counts are checked every 10 seconds.